General information
- name: BNet
- type: Ladder team game (AT/RT)
- host: Battle.net
- saver: Verrith
map: GolemsInTheMist
- players: 8
- length: 32:12
- speed: Fast
- version: 1.26 W3XP
- replay type: Public
» download(275 KB)
Players
team 1 (winner)
TanjMan (
green | 101 APM | 3247 actions | 32:11)
4 Archmage
2 Blizzard
2 Brilliance Aura
4 Blood Mage
2 Flame Strike
2 Siphon Mana
» actions
| Assign group hotkey | 24 | |
| Basic commands | 278 | |
| Build / train | 114 | |
| ESC pressed | 4 | |
| Enter build submenu | 42 | |
| Enter hero's abilities submenu | 8 | |
| Give item / drop item | 3 | |
| Right click | 1288 | |
| Select / deselect | 338 | |
| Select group hotkey | 1012 | |
| Use ability | 136 | |
3247 total
» units
| Peasant | 24 | |
| Rifleman | 7 | |
| Mortar Team | 5 | |
| Goblin Zeppelin | 1 | |
37 total
» upgrades
| Masonry | 3 | |
| Lumber Harvesting | 2 | |
| Long Rifles | 1 | |
| Gunpowder | 1 | |
| Armor | 1 | |
8 total
» buildings
| Altar of Kings | 2 | |
| Farm | 13 | |
| Scout Tower | 11 | |
| Barracks | 1 | |
| Arcane Tower | 5 | |
| Keep | 5 | |
| Lumber Mill | 2 | |
| Blacksmith | 1 | |
| Arcane Vault | 2 | |
| Guard Tower | 14 | |
| Workshop | 1 | |
| Town Hall | 3 | |
| Castle | 3 | |
63 total
» build order
00:11 Altar of Kings
00:16 Farm
01:02 Farm
01:46 Scout Tower
02:07 Barracks
02:14 Arcane Tower
02:14 Arcane Tower
02:26 Keep
02:26 Keep
02:58 Scout Tower
03:39 Lumber Mill
03:44 Blacksmith
03:53 Farm
04:01 Arcane Vault
04:47 Guard Tower
04:47 Guard Tower
04:53 Farm
05:14 Workshop
07:48 Farm
07:50 Farm
08:29 Farm
09:42 Town Hall
10:05 Scout Tower
10:55 Scout Tower
10:56 Guard Tower
10:56 Guard Tower
11:01 Castle
11:27 Guard Tower
12:50 Farm
13:01 Scout Tower
13:04 Scout Tower
13:28 Guard Tower
17:26 Farm
19:10 Farm
19:16 Scout Tower
19:45 Scout Tower
19:50 Lumber Mill
19:56 Arcane Tower
19:56 Arcane Tower
20:00 Farm
20:04 Farm
20:55 Guard Tower
20:55 Guard Tower
21:02 Arcane Vault
21:16 Keep
21:16 Keep
21:29 Scout Tower
22:43 Guard Tower
23:06 Town Hall
26:05 Altar of Kings
26:09 Scout Tower
27:18 Castle
27:18 Castle
27:19 Guard Tower
27:20 Guard Tower
27:36 Farm
27:51 Scout Tower
28:30 Guard Tower
28:30 Guard Tower
30:51 Town Hall
» items
| Scroll of Regeneration | 7 | |
| Lesser Clarity Potion | 3 | |
| Potion of Healing | 7 | |
| Ivory Tower | 1 | |
| Scroll of Town Portal | 3 | |
| Orb of Fire | 2 | |
23 total
Shadowulf (
blue | 43 APM | 1394 actions | 32:11)
5 Death Knight
3 Death Coil
2 Unholy Aura
5 Lich
3 Frost Nova
2 Dark Ritual
» actions
| Assign group hotkey | 32 | |
| Build / train | 64 | |
| Enter build submenu | 25 | |
| Enter hero's abilities submenu | 12 | |
| Give item / drop item | 1 | |
| Remove unit from queue | 1 | |
| Right click | 678 | |
| Select / deselect | 248 | |
| Select group hotkey | 249 | |
| Use ability | 84 | |
1394 total
» units
| Acolyte | 11 | |
| Ghoul | 2 | |
| Crypt Fiend | 7 | |
| Frost Wyrm | 13 | |
33 total
» upgrades
| Creature Attack | 3 | |
| Creature Carapace | 2 | |
5 total
» buildings
| Crypt | 2 | |
| Ziggurat | 8 | |
| Altar of Darkness | 1 | |
| Graveyard | 2 | |
| Tomb of Relics | 1 | |
| Halls of the Dead | 1 | |
| Black Citadel | 1 | |
| Sacrificial Pit | 1 | |
| Boneyard | 2 | |
19 total
» build order
00:21 Crypt
00:22 Ziggurat
00:23 Crypt
00:36 Altar of Darkness
00:59 Graveyard
01:02 Graveyard
01:40 Tomb of Relics
01:57 Ziggurat
04:27 Halls of the Dead
04:59 Ziggurat
06:52 Black Citadel
07:27 Sacrificial Pit
07:33 Ziggurat
09:28 Boneyard
11:14 Boneyard
11:20 Ziggurat
13:06 Ziggurat
16:07 Ziggurat
18:41 Ziggurat
» items
| Rod of Necromancy | 3 | |
| Potion of Healing | 5 | |
| Scroll of Town Portal | 1 | |
| Potion of Mana | 1 | |
| Scroll of Regeneration | 1 | |
11 total

»
MUDKRAPZ (
yellow | 53 APM | 1709 actions | 32:11)
5 Archmage
3 Summon Water Elemental
1 Brilliance Aura
1 Blizzard
» actions
| Assign group hotkey | 194 | |
| Basic commands | 112 | |
| Build / train | 90 | |
| ESC pressed | 1 | |
| Enter build submenu | 33 | |
| Enter hero's abilities submenu | 5 | |
| Remove unit from queue | 5 | |
| Right click | 619 | |
| Select / deselect | 303 | |
| Select group hotkey | 215 | |
| Use ability | 132 | |
1709 total
» units
| Peasant | 14 | |
| Footman | 7 | |
| Goblin Shredder | 1 | |
| Mortar Team | 11 | |
| Sorceress | 2 | |
| Spell Breaker | 4 | |
| Flying Machine | 6 | |
45 total
» upgrades
| Masonry | 3 | |
| Defend | 1 | |
| Lumber Harvesting | 2 | |
| Gunpowder | 3 | |
| Armor | 3 | |
| Flare | 1 | |
| Magic Sentry | 1 | |
| Sorceress Training | 3 | |
| Fragmentation Shards | 1 | |
| Control Magic | 1 | |
| Flak Cannons | 1 | |
| Flying Machine Bombs | 1 | |
21 total
» buildings
| Farm | 8 | |
| Altar of Kings | 1 | |
| Barracks | 1 | |
| Lumber Mill | 2 | |
| Scout Tower | 10 | |
| Arcane Tower | 1 | |
| Keep | 1 | |
| Arcane Vault | 1 | |
| Blacksmith | 1 | |
| Workshop | 5 | |
| Arcane Sanctum | 1 | |
| Castle | 1 | |
| Guard Tower | 4 | |
| Town Hall | 1 | |
38 total
» build order
00:41 Farm
00:57 Altar of Kings
01:12 Barracks
01:27 Farm
01:32 Lumber Mill
01:58 Farm
02:28 Farm
02:39 Scout Tower
03:47 Arcane Tower
03:49 Keep
04:15 Arcane Vault
05:05 Blacksmith
05:25 Lumber Mill
07:19 Farm
07:23 Farm
07:29 Workshop
07:32 Workshop
07:36 Arcane Sanctum
08:33 Workshop
08:52 Farm
11:50 Farm
12:55 Castle
13:54 Scout Tower
13:56 Scout Tower
14:00 Scout Tower
14:03 Scout Tower
14:33 Guard Tower
14:38 Guard Tower
14:40 Scout Tower
14:44 Scout Tower
14:47 Scout Tower
14:50 Scout Tower
15:47 Guard Tower
20:04 Workshop
20:07 Workshop
21:09 Scout Tower
21:43 Guard Tower
27:35 Town Hall
» items
| Scroll of Regeneration | 2 | |
| Lesser Clarity Potion | 2 | |
| Mechanical Critter | 1 | |
| Scroll of Town Portal | 1 | |
6 total
Verrith (
orange | 90 APM | 2904 actions | 32:12)
4 Blood Mage
2 Banish
2 Siphon Mana
5 Mountain King
3 Storm Bolt
2 Thunder Clap
3 Paladin
2 Holy Light
1 Divine Shield
» actions
| Assign group hotkey | 38 | |
| Basic commands | 181 | |
| Build / train | 81 | |
| ESC pressed | 2 | |
| Enter build submenu | 22 | |
| Enter hero's abilities submenu | 13 | |
| Give item / drop item | 1 | |
| Right click | 1025 | |
| Select / deselect | 573 | |
| Select group hotkey | 852 | |
| Use ability | 115 | |
2904 total
» units
| Peasant | 11 | |
| Footman | 5 | |
| Rifleman | 6 | |
| Mortar Team | 5 | |
| Sorceress | 9 | |
36 total
» upgrades
| Masonry | 3 | |
| Long Rifles | 1 | |
| Magic Sentry | 1 | |
| Flare | 1 | |
| Sorceress Training | 2 | |
| Fragmentation Shards | 1 | |
| Gunpowder | 3 | |
| Armor | 3 | |
15 total
» buildings
| Altar of Kings | 1 | |
| Barracks | 1 | |
| Farm | 10 | |
| Scout Tower | 3 | |
| Arcane Tower | 1 | |
| Lumber Mill | 1 | |
| Keep | 2 | |
| Blacksmith | 1 | |
| Guard Tower | 2 | |
| Castle | 1 | |
| Arcane Sanctum | 1 | |
| Workshop | 1 | |
| Arcane Vault | 1 | |
| Town Hall | 1 | |
27 total
» build order
00:15 Altar of Kings
00:18 Barracks
00:30 Farm
02:06 Scout Tower
02:13 Farm
02:36 Arcane Tower
02:43 Farm
04:11 Lumber Mill
04:15 Farm
04:17 Keep
04:17 Keep
04:55 Blacksmith
05:02 Scout Tower
05:32 Guard Tower
07:19 Castle
07:55 Arcane Sanctum
08:02 Workshop
08:23 Arcane Vault
11:03 Farm
11:05 Farm
12:08 Scout Tower
12:46 Guard Tower
14:26 Farm
14:26 Farm
14:27 Farm
14:28 Farm
30:00 Town Hall
» items
| Scroll of Regeneration | 1 | |
| Potion of Healing | 4 | |
| Staff of Sanctuary | 2 | |
| Scroll of Town Portal | 1 | |
8 total
team 2 (loser)
Ridiculous (
pink | 71 APM | 2274 actions | 32:10)
10 Death Knight
3 Death Coil
3 Unholy Aura
1 Animate Dead
3 Death Pact
» actions
| Assign group hotkey | 87 | |
| Basic commands | 107 | |
| Build / train | 96 | |
| ESC pressed | 1 | |
| Enter build submenu | 24 | |
| Enter hero's abilities submenu | 10 | |
| Remove unit from queue | 1 | |
| Right click | 921 | |
| Select / deselect | 550 | |
| Select group hotkey | 372 | |
| Use ability | 105 | |
2274 total
» units
| Acolyte | 9 | |
| Ghoul | 13 | |
| Goblin Shredder | 1 | |
| Obsidian Statue | 7 | |
| Meatwagon | 3 | |
| Necromancer | 7 | |
| Banshee | 9 | |
| Abomination | 4 | |
53 total
» upgrades
| Cannibalize | 1 | |
| Unholy Strength | 3 | |
| Unholy Armor | 3 | |
| Banshee Training | 3 | |
| Necromancer Training | 2 | |
| Skeletal Longevity | 1 | |
| Exhume Corpses | 1 | |
| Skeletal Mastery | 1 | |
| Destroyer Form | 1 | |
| Disease Cloud | 1 | |
17 total
» buildings
| Crypt | 1 | |
| Ziggurat | 9 | |
| Altar of Darkness | 1 | |
| Nerubian Tower | 1 | |
| Halls of the Dead | 1 | |
| Graveyard | 1 | |
| Tomb of Relics | 1 | |
| Black Citadel | 1 | |
| Temple of the Damned | 3 | |
| Slaughterhouse | 2 | |
| Spirit Tower | 6 | |
| Sacrificial Pit | 1 | |
28 total
» build order
00:14 Crypt
00:15 Ziggurat
01:02 Altar of Darkness
01:04 Ziggurat
01:17 Nerubian Tower
04:12 Halls of the Dead
04:49 Graveyard
06:11 Ziggurat
06:13 Ziggurat
06:16 Tomb of Relics
07:32 Black Citadel
07:45 Temple of the Damned
07:52 Temple of the Damned
07:56 Slaughterhouse
08:01 Temple of the Damned
08:14 Ziggurat
08:15 Ziggurat
08:20 Ziggurat
08:28 Slaughterhouse
11:25 Ziggurat
11:26 Ziggurat
13:12 Spirit Tower
13:33 Spirit Tower
15:37 Sacrificial Pit
15:40 Spirit Tower
15:44 Spirit Tower
15:44 Spirit Tower
15:44 Spirit Tower
» items
| Scroll of Town Portal | 2 | |
| Scroll of Speed | 1 | |
| Potion of Mana | 1 | |
| Orb of Corruption | 1 | |
5 total

»
mitsu218 (
red | 63 APM | 1596 actions | 25:22)
4 Mountain King
2 Storm Bolt
2 Bash
3 Paladin
2 Devotion Aura
1 Holy Light
1 Blademaster
1 Critical Strike
» actions
| Assign group hotkey | 22 | |
| Basic commands | 238 | |
| Build / train | 56 | |
| Enter build submenu | 32 | |
| Enter hero's abilities submenu | 8 | |
| Remove unit from queue | 3 | |
| Right click | 320 | |
| Select / deselect | 390 | |
| Select group hotkey | 452 | |
| Use ability | 75 | |
1596 total
» units
| Peasant | 12 | |
| Footman | 13 | |
| Sorceress | 1 | |
| Priest | 2 | |
| Knight | 2 | |
30 total
» upgrades
| Swords | 1 | |
| Plating | 1 | |
| Defend | 1 | |
| Sorceress Training | 2 | |
| Priest Training | 2 | |
| Animal War Training | 1 | |
8 total
» buildings
| Altar of Kings | 2 | |
| Barracks | 1 | |
| Farm | 20 | |
| Lumber Mill | 1 | |
| Scout Tower | 1 | |
| Arcane Tower | 1 | |
| Blacksmith | 1 | |
| Keep | 1 | |
| Arcane Vault | 1 | |
| Arcane Sanctum | 2 | |
| Castle | 1 | |
| Town Hall | 2 | |
34 total
» build order
00:32 Altar of Kings
00:48 Barracks
01:02 Farm
01:29 Lumber Mill
01:56 Farm
01:58 Farm
02:04 Scout Tower
03:06 Arcane Tower
03:17 Blacksmith
03:20 Farm
03:58 Farm
04:50 Farm
04:51 Farm
05:34 Keep
07:19 Arcane Vault
08:19 Arcane Sanctum
08:22 Arcane Sanctum
09:16 Castle
13:23 Farm
13:25 Farm
14:49 Farm
17:19 Town Hall
18:53 Farm
18:54 Farm
18:56 Farm
18:58 Farm
20:01 Farm
20:03 Farm
20:06 Farm
20:09 Farm
20:40 Town Hall
20:57 Farm
20:59 Farm
23:44 Altar of Kings
» items
| Healing Salve | 1 | |
| Lesser Clarity Potion | 1 | |
2 total

»
Lir (
teal | 66 APM | 147 actions | 02:12)
» actions
| Build / train | 10 | |
| Enter build submenu | 8 | |
| Right click | 86 | |
| Select / deselect | 37 | |
| Use ability | 6 | |
147 total
» units
» buildings
| Orc Burrow | 2 | |
| Altar of Storms | 1 | |
| Barracks | 1 | |
| Voodoo Lounge | 1 | |
5 total
» build order
00:08 Orc Burrow
00:09 Altar of Storms
00:41 Barracks
01:41 Orc Burrow
01:49 Voodoo Lounge

»
DENTAL_PLAN (
purple | 171 APM | 5221 actions | 30:29)
3 Keeper of the Grove
2 Entangling Roots
1 Force of Nature
3 Blademaster
2 Wind Walk
1 Critical Strike
2 Demon Hunter
1 Mana Burn
1 Evasion
1 Tauren Chieftain
1 Shockwave
» actions
| Assign group hotkey | 271 | |
| Basic commands | 467 | |
| Build / train | 143 | |
| ESC pressed | 18 | |
| Enter build submenu | 63 | |
| Enter hero's abilities submenu | 9 | |
| Right click | 1792 | |
| Select / deselect | 955 | |
| Select group hotkey | 1286 | |
| Use ability | 217 | |
5221 total
» units
| Wisp | 53 | |
| Peon | 10 | |
| Archer | 5 | |
| Grunt | 4 | |
| Dryad | 8 | |
| Shaman | 4 | |
| Troll Witch Doctor | 3 | |
| Spirit Walker | 3 | |
| Druid of the Claw | 8 | |
| Troll Batrider | 4 | |
| Wind Rider | 2 | |
104 total
» upgrades
| Strength of the Wild | 2 | |
| Reinforced Hides | 2 | |
| Shaman Training | 2 | |
| Witch Doctor Training | 2 | |
| Abolish Magic | 1 | |
| Ultravision | 1 | |
| Druid of the Claw Training | 3 | |
| Nature's Blessing | 1 | |
14 total
» buildings
| Altar of Elders | 2 | |
| Moon Well | 5 | |
| Ancient of War | 2 | |
| Orc Burrow | 7 | |
| Tree of Life | 8 | |
| Stronghold | 1 | |
| War Mill | 1 | |
| Tree of Ages | 3 | |
| Hunter's Hall | 2 | |
| Watch Tower | 9 | |
| Voodoo Lounge | 2 | |
| Spirit Lodge | 2 | |
| Ancient of Lore | 7 | |
| Fortress | 1 | |
| Tree of Eternity | 2 | |
| Ancient Protector | 7 | |
| Beastiary | 6 | |
67 total
» build order
00:16 Altar of Elders
00:21 Moon Well
01:00 Moon Well
01:34 Ancient of War
02:05 Ancient of War
02:57 Orc Burrow
03:14 Tree of Life
03:48 Stronghold
04:22 Moon Well
04:43 War Mill
04:45 Orc Burrow
05:08 Tree of Life
05:42 Tree of Life
05:45 Tree of Ages
05:46 Tree of Ages
06:32 Hunter's Hall
06:32 Hunter's Hall
06:34 Watch Tower
06:34 Watch Tower
06:53 Voodoo Lounge
06:57 Voodoo Lounge
07:03 Spirit Lodge
07:03 Spirit Lodge
07:38 Watch Tower
07:39 Watch Tower
08:24 Ancient of Lore
08:26 Ancient of Lore
08:26 Ancient of Lore
08:27 Ancient of Lore
08:46 Fortress
09:47 Moon Well
09:48 Moon Well
11:32 Tree of Eternity
13:07 Orc Burrow
13:07 Orc Burrow
14:11 Ancient of Lore
14:12 Ancient of Lore
14:54 Tree of Life
14:57 Tree of Life
15:02 Orc Burrow
15:02 Orc Burrow
15:23 Tree of Life
15:35 Watch Tower
15:35 Watch Tower
15:36 Watch Tower
15:38 Watch Tower
15:39 Watch Tower
16:33 Ancient Protector
16:33 Ancient Protector
16:34 Ancient Protector
16:56 Tree of Life
19:04 Ancient Protector
19:04 Ancient Protector
20:06 Beastiary
20:07 Beastiary
20:08 Beastiary
20:28 Altar of Elders
21:10 Tree of Life
22:15 Ancient Protector
22:28 Beastiary
22:29 Beastiary
22:30 Beastiary
» items
| Healing Salve | 1 | |
| Lesser Clarity Potion | 1 | |
| Scroll of Speed | 1 | |
3 total
Chat log
(00:07 / All) MUDKRAPZ: aw man
(00:07 / All) DENTAL_PLAN: DAMMIT WHY DO I ALWAYS MATCH AGAINST YOU GUYS
(00:09 / All) MUDKRAPZ: i hate fighting you
(00:25 / All) DENTAL_PLAN: You know what annoys me about it?
(00:31 / All) Verrith: wat
(00:32 / All) MUDKRAPZ: ur mom lawl?
(00:35 / All) DENTAL_PLAN: Because whenever I play against you guys, if I lose, it's because someone on my team...
(00:38 / All) DENTAL_PLAN: ...is a fucking stupid asshole.
(00:41 / All) Verrith: lopl
(00:44 / All) MUDKRAPZ: lolol
(00:52 / All) DENTAL_PLAN: It's my game to win and we're all clear on that.
(00:53 / All) MUDKRAPZ: damn i need to remember how to rebind keys
(01:15 / All) DENTAL_PLAN: Ahm soooo hi rite onw.
(01:16 / All) DENTAL_PLAN: now*
(01:28 / All) TanjMan: high*
(01:37 / All) DENTAL_PLAN: right*
(01:46 / All) MUDKRAPZ: *now
(01:51 / All) DENTAL_PLAN: And up next, on Warcraft Science Theatre 3000:
(02:12 / All) MUDKRAPZ: oh boy
(02:13 / All) Verrith: That's it, i'm dead.
(03:00 / Allies) Shadowulf: wood if anyone got spare
(03:19 / All) Verrith: So i'm at the nightelf campaign on hard
(03:21 / All) Verrith: shit's tough
(03:25 / All) DENTAL_PLAN: yah
(03:34 / All) Verrith: at mission 3
(03:37 / All) Verrith: fuck the blademaster
(03:38 / All) Verrith: he's an asshole
(04:24 / Allies) Shadowulf: b
(04:55 / Allies) Shadowulf: meet up to creep?
(05:25 / All) DENTAL_PLAN: IN THE NOT TOO DISTANT FUTURE
(05:28 / All) DENTAL_PLAN: NEXT SUNDAY A.D.
(05:46 / Allies) Verrith: help
(06:10 / Allies) MUDKRAPZ: running
(07:06 / Allies) Shadowulf: counter?
(08:07 / Allies) Shadowulf: b
(08:11 / Allies) Shadowulf: b
(09:14 / Allies) Shadowulf: they are there
(09:19 / Allies) Verrith: where
(10:04 / Allies) Shadowulf: they
(11:02 / Allies) Shadowulf: counter
(11:31 / Allies) Shadowulf: go
(12:17 / Allies) Verrith: distracting purp
(12:23 / Allies) Shadowulf: b
(12:28 / Allies) Shadowulf: b
(12:43 / Allies) Shadowulf: wtf
(12:46 / Allies) Shadowulf: we don
(12:49 / Allies) MUDKRAPZ: no
(12:50 / Allies) MUDKRAPZ: not yet
(12:51 / Allies) Shadowulf: we suck dck
(13:33 / Allies) Shadowulf: b
(14:48 / Allies) Shadowulf: tp
(14:59 / Allies) Verrith: i can't fight that
(15:20 / Allies) TanjMan: thanks for trying though blue
(15:26 / Allies) TanjMan: they dont understand what 4s means
(15:29 / Allies) Shadowulf: lol
(16:59 / Allies) Shadowulf: go
(17:36 / Allies) Shadowulf: we tp?
(17:37 / Allies) Verrith: yeah
(19:24 / All) TanjMan: this is fun
(19:27 / All) DENTAL_PLAN: Agleed
(19:28 / All) TanjMan: we are the mage brothers!!!
(19:29 / All) mitsu218: lol
(19:59 / Allies) Shadowulf: get dryads
(21:07 / Allies) Shadowulf: stay together
(21:08 / Allies) Shadowulf: guys
(21:10 / Allies) Shadowulf: everyone meet up
(21:40 / Allies) Shadowulf: behind
(21:52 / Allies) TanjMan: gold?
(22:04 / Allies) TanjMan: gold?
(22:33 / Allies) TanjMan: yuou needed me...
(22:35 / Allies) Shadowulf: b
(23:32 / Allies) Shadowulf: stay together
(23:57 / Allies) Shadowulf: gold if anyone gots
(24:13 / Allies) Shadowulf: get aa
(24:15 / Allies) Shadowulf: anti necs
(24:16 / Allies) Verrith: need gold
(24:18 / Allies) Verrith: if anyon ehas
(24:23 / All) DENTAL_PLAN: I think you guys may have this.
(24:35 / All) Verrith: did you have dumb assholes on your team?
(24:41 / All) DENTAL_PLAN: Nah, they played fine.
(24:42 / Allies) Shadowulf: get gold mines
(24:43 / Allies) Shadowulf: first
(25:03 / Allies) Verrith: green
(25:04 / Allies) Verrith: gold pelase
(25:09 / Allies) Verrith: so i can revive my hereos
(25:16 / Allies) MUDKRAPZ: me too please green
(25:47 / Allies) MUDKRAPZ: ty
(25:55 / Allies) TanjMan: i share the love
(25:59 / Allies) Verrith: ...
(26:00 / All) DENTAL_PLAN: Yeah, played a bit sloppy, but you guys won, so hey, you won.
(26:00 / All) DENTAL_PLAN: o.o
(26:07 / All) Verrith: woooh :P
(26:15 / All) DENTAL_PLAN: let's double-check on that
(26:21 / Allies) TanjMan: ahh towers
(26:25 / All) TanjMan: let me handle the towers
(26:26 / Allies) Verrith: hold please
(26:28 / Allies) Verrith: gold*
(26:43 / Allies) Shadowulf: get bats
(26:46 / Allies) TanjMan: wt
(26:47 / All) TanjMan: wtf
(27:19 / Allies) Shadowulf: dk
(27:23 / Allies) Shadowulf: pink dk
(28:06 / All) Verrith: :(
(28:13 / All) DENTAL_PLAN: You guys have expos.
(28:22 / Allies) Verrith: green
(28:23 / Allies) Verrith: gold please
(28:28 / Allies) Verrith: i can't do shit
(28:37 / Allies) Verrith: ty
(28:50 / Allies) Verrith: would have won by now if you had done that earlier
(28:53 / Allies) Shadowulf: lumber
(29:08 / Allies) Shadowulf: lumber
(29:09 / Allies) Shadowulf: for mine
(30:05 / All) DENTAL_PLAN: Reported.
(30:11 / All) DENTAL_PLAN: Fuck you for playing a better game.
(30:18 / Allies) Verrith: defend against that
(30:18 / All) DENTAL_PLAN: gg
(30:19 / All) DENTAL_PLAN: im out
(30:22 / All) Verrith: k
(30:22 / All) Verrith: gg
(30:26 / All) DENTAL_PLAN: Talk to you guys later.
(30:27 / All) DENTAL_PLAN: <3
(30:31 / All) Verrith: aight
(30:37 / Allies) Shadowulf: together
(30:48 / Allies) Shadowulf: w8 together
(30:57 / All) Verrith: never used my staffs once for somer reason
(31:08 / All) Verrith: that would have helped al ot
(31:09 / Allies) Verrith: F
(31:10 / All) Verrith: Fuck me
(31:17 / All) Verrith: only just realized that now
(31:27 / Allies) Shadowulf: tp
(31:35 / Allies) Shadowulf: tp